 Dungeon Crawl Stone Soup version 0.26-a0-1139-g7d2dc893a1 (webtiles) character file.

Game seed: 17410381247389906198

629 sahdkjhfkaj the Chopper (level 7, 0/67 HPs)
             Began as a Deep Dwarf Delver on Dec 21, 2020.
             Was a Follower of Elyvilon.
             Splashed by a jelly's acid (7 damage)
             ... on level 6 of the Dungeon.
             The game lasted 00:04:03 (854 turns).

sahdkjhfkaj the Chopper (Deep Dwarf Delver)          Turns: 854, Time: 00:04:03

Health: 0/67       AC: -13   Str: 17    XL:     7   Next: 23%
Magic:  4/4        EV: 12    Int: 11    God:    Elyvilon [*.....]
Gold:   25         SH:  0    Dex: 14    Spells: 6/6 levels left

rFire    . . .     SeeInvis .   a - +0 hand axe
rCold    . . .     Faith    .   (no shield)
rNeg     . . .     Spirit   .   b - +0 leather armour
rPois    .         Reflect  .   (no helmet)
rElec    .         Harm     .   (no cloak)
rCorr    .         Rampage  .   (no gloves)
Will     +....                  (no boots)
Stlth    +++.......             (no amulet)
HPRegen  0.00/turn              (no ring)
MPRegen  0.09/turn              (no ring)

@: corroded, non-regenerating
A: damage resistance, heal wounds, sense surroundings 1, no regeneration
a: Heal Wounds, Renounce Religion, Lesser Healing, Divine Protection


You were on level 6 of the Dungeon.
You worshipped Elyvilon.
Elyvilon was aware of your devotion.
You visited 1 branch of the dungeon, and saw 4 of its levels.
You also visited: Sewer.

You collected 25 gold pieces.

Inventory:

Hand Weapons
 a - a +0 hand axe (weapon)
Armour
 b - a +0 leather armour (worn)
Jewellery
 k - an uncursed ring of resist corrosion {unknown}
Wands
 g - a wand of digging (3)
 l - a wand of iceblast (7)
 m - a wand of flame (16)
Scrolls
 c - a scroll of fog
 d - a scroll of magic mapping
 e - a scroll of fear
 j - a scroll of acquirement {unknown}
Potions
 f - a potion of haste
 h - 2 potions of heal wounds {unknown}
 i - 3 potions of flight {unknown}


   Skills:
 - Level 5.5 Fighting
 - Level 6.1 Axes
 - Level 2.1 Dodging
 - Level 6.0 Stealth
 + Level 3.0 Evocations


You had 6 spell levels left.
You didn't know any spells.
Your spell library was empty.

Dungeon Overview and Level Annotations

Branches:
Dungeon (6/15)              Sewer (visited)
 Temple: D:4-7

Altars:
Wu Jian


Innate Abilities, Weirdness & Mutations

You are resistant to damage.
You can heal yourself by infusing magical energy.
You passively map a small area around you.
You do not regenerate.


Message History

You hit the jelly but do no damage.
Your hands burn!
The jelly is severely wounded.
The jelly closely misses you.
Unknown command.
You hit the jelly.
Your hands burn!
The jelly is severely wounded.
The jelly barely misses you.
Unknown command.
You barely miss the jelly.
The jelly is severely wounded.
The jelly hits you.
You are splashed with acid!
* * * LOW HITPOINT WARNING * * *
You hit the jelly but do no damage.
Your hands burn!
* * * LOW HITPOINT WARNING * * *
The jelly is severely wounded.
The jelly hits you.
* * * LOW HITPOINT WARNING * * *
You are splashed with acid!
You die...

...#### ##...
.....)###....... #.. ,,
................ #...,
.........##.....##*#....
.........# #.....##.....
, .........##
#....#....# *
.....##...## #........#
* ..#####....#
*#.J....#* , ###
##...### #@..$# * #
#.....###....### #
#................ , #
#...............# ,
##...#######..####
#...## *..# #######...#
..# , .........## ..#
.........# ,.# ,


You could see a jelly.

Vanquished Creatures
  Eustachio (D:4)
  A sky beast (D:6)
  A centaur (D:5)
  A big kobold (Sewer)
  A bullfrog (D:6)
  A scorpion (D:4)
  An orc wizard (D:3)
  A centaur skeleton (D:4)
  An iguana (D:6)
  2 river rats (Sewer)
  An adder skeleton (D:4)
  2 worms (D:4)
  A leopard gecko (D:4)
  3 orcs
  A giant cockroach (D:6)
  3 jackals
  3 kobolds (Sewer)
  2 ball pythons (D:4)
  A leopard gecko skeleton (D:4)
  3 rats (Sewer)
31 creatures vanquished.

Vanquished Creatures (others)
  A quokka (D:5)
1 creature vanquished.

Grand Total: 32 creatures vanquished

Notes
Turn   | Place    | Note
-------+----------+-------------------------------------------
     0 | D:5      | sahdkjhfkaj the Deep Dwarf Delver began the quest for the
                  | Orb.
     0 | D:5      | Reached XP level 1. HP: 20/20 MP: 1/1
    65 | D:4      | Found a glowing drain.
    74 | Sewer    | Entered a sewer
    88 | Sewer    | Reached XP level 2. HP: 14/28 MP: 2/2
   126 | Sewer    | Noticed a big kobold
   135 | Sewer    | Reached XP level 3. HP: 31/34 MP: 3/3
   155 | Sewer    | Killed a big kobold
   156 | Sewer    | Reached XP level 4. HP: 24/44 MP: 4/4
   168 | Sewer    | Found a white marble altar of Elyvilon.
   178 | Sewer    | Became a worshipper of Elyvilon the Healer
   243 | D:4      | Noticed Eustachio
   267 | D:4      | Reached XP level 5. HP: 34/50 MP: 5/5
   290 | D:4      | Killed Eustachio
   291 | D:4      | Reached skill level 5 in Axes
   291 | D:4      | Reached XP level 6. HP: 33/60 MP: 5/5
   332 | D:3      | Found an ornate altar of the Wu Jian Council.
   345 | D:3      | Reached skill level 5 in Fighting
   401 | D:6      | Noticed a sky beast
   432 | D:6      | Killed a sky beast
   433 | D:6      | Reached XP level 7. HP: 47/67 MP: 6/6
   711 | D:6      | Reached * piety under Elyvilon
   854 | D:6      | Splashed by a jelly's acid

Illustrated notes

Levels and vault maps discovered:
D:3:      lemuel_upstairs_altar, layout_basic, kennysheep_generic_room_2
D:4:      layout_loops_ring, cheibrodos_sewer_entry_sluice, uniq_eustachio,
          uniq_pikel, uniq_menkaure
D:5:      layout_rooms, minmay_hollow_rounded_squares
D:6:      layout_layer_cave, general_overflow_altar, kennysheep_mini_moat,
          minmay_temple_entry_grid

Skill      XL: |  1  2  3  4  5  6  7 |
---------------+----------------------+-----
Fighting       | 3 4 5 |  5.5
Axes           | 3 4 5 6 |  6.1
Evocations     | 3 |  3.0
Dodging        | |  2.1
Stealth        | |  6.0

Action                   |  1- 3 |  4- 6 |  7- 9 || total
-------------------------+-------+-------+-------++-------
Melee: Hand axe          |    50 |    93 |    36 ||   179
 Abil: Heal Wounds       |     2 |     9 |     4 ||    15
 Stab: Sleeping          |     3 |     1 |     4 ||     8
Armor: Leather armour    |     6 |    34 |     7 ||    47
Dodge: Dodged            |    40 |   113 |    18 ||   171

Table legend: (Time is in decaauts)
 A = Elapsed time spent in this place.
 B = Non-inter-level travel time spent in this place.
 C = Inter-level travel time spent in this place.
 D = Time resting spent in this place.
 E = Time spent auto-exploring this place.
 F = Levels seen in this place.
 G = Mean time per level.
                   A        B        C        D        E       F      G
               +--------+--------+--------+--------+--------+-----+--------+
         Total |    889 |    872 |     17 |    100 |    180 |   5 |  177.8 |
       Dungeon |    734 |    717 |     17 |    100 |    180 |   4 |  183.5 |
         Sewer |    155 |    155 |      0 |      0 |      0 |   1 |  155.0 |
               +--------+--------+--------+--------+--------+-----+--------+

Top non-repeatable levels by time:
     D:6: 422 daAuts
     D:4: 197 daAuts
   Sewer: 155 daAuts
     D:5: 85 daAuts
     D:3: 29 daAuts
